 Dungeon Crawl Stone Soup version 0.29.1-15-g9cfb28693d (webtiles) character file.

Game seed: 12839706594505641001

308 safid the Chiller (level 6, -4/48 HPs)
             Began as a Merfolk Ice Elementalist on Apr 13, 2023.
             Killed by divine providence
             ... invoked by an orc priest
              (13 damage)
             ... on level 4 of the Dungeon.
             The game lasted 00:08:18 (3838 turns).

safid the Chiller (Merfolk Ice Elementalist)        Turns: 3838, Time: 00:08:19

Health: -4/48      AC: 13    Str:  8    XL:     6   Next: 40%
Magic:  1/11       EV: 12    Int: 16    God:
Gold:   250        SH:  0    Dex: 15    Spells: 5/12 levels left

rFire   . . .      SeeInvis .   c - +0 hand axe
rCold   + . .      Faith    .   (no shield)
rNeg    . . .      Spirit   .   a - +0 robe
rPois   .          Reflect  .   (no helmet)
rElec   .          Harm     .   (no cloak)
rCorr   .          Rampage  .   (no gloves)
Will    .....                   j - +0 pair of boots
Stlth   ++........              (no amulet)
HPRegen 0.16/turn               e - ring of protection from cold
MPRegen 0.12/turn               n - +4 ring of protection

@: ice-armoured, freezing walls
A: (nimble swimmer 2), mertail
a: no special abilities


You were on level 4 of the Dungeon.
You visited 1 branch of the dungeon, and saw 4 of its levels.

You collected 250 gold pieces.

Inventory:

Hand Weapons
 c - a +0 hand axe (weapon)
Armour
 a - a +0 robe (worn)
 j - a +0 pair of boots (worn)
Jewellery
 e - a ring of protection from cold (left hand)
 n - a +4 ring of protection (right hand)
Wands
 i - a wand of charming (4)
Scrolls
 d - 3 scrolls of poison {unknown}
 f - a scroll of noise {unknown}
 h - 2 scrolls of silence {unknown}
 k - a scroll of fog {unknown}
 l - a scroll of identify {unknown}
 p - a scroll of blinking {unknown}
 q - a scroll of enchant weapon {unknown}
Potions
 b - 2 potions of magic
 g - a potion of lignification {unknown}
 m - 2 potions of cancellation {unknown}
 o - a potion of curing {unknown}


   Skills:
 + Level 3.7 Fighting
 - Level 2.6 Dodging
 - Level 2.1 Stealth
 + Level 3.7 Spellcasting
 + Level 5.9 Ice Magic


You had 5 spell levels left.
You knew the following spells:

 Your Spells              Type           Power      Damage    Failure   Level
a - Freeze                Ice            88%        1d10      1%          1
b - Frozen Ramparts       Ice            44%        1d7       4%          3
c - Ozocubu's Armour      Ice            22%        N/A       4%          3

Your spell library contained the following spells:

 Spells                   Type           Power      Damage    Failure   Level
 Shock                    Conj/Air       12%        1d3       17%         1
 Slow                     Hex            12%        N/A       17%         1
 Confusing Touch          Hex            3%         N/A       45%         3
 Swiftness                Air            3%         N/A       45%         3
 Vampiric Draining        Necr           3%         2d6       45%         3
 Hailstorm                Conj/Ice       12%        3d5       45%         4
 Airstrike                Air            1%         2d(1-17)  86%         4


Dungeon Overview and Level Annotations

Branches:
Dungeon (4/15)
 Temple: D:4-7

Altars:

Annotations:
D:3 Grinder


Innate Abilities, Weirdness & Mutations

((You are very nimble when in or above water. (Stealth+, EV+, Speed+++)))
Your lower body shifts to a powerful aquatic tail in water.


Message History

Casting: Frozen Ramparts (dangerous; 4% risk of failure)
Press: ? - help, Dir - look around, f - activate The walls around you are covered in ice.
The wall freezes the orc.
The wall freezes the orc priest.
The orc priest hits you but does no damage.
Unknown command.
Unknown command.
You hit the orc priest but do no damage.
The orc priest is moderately wounded.
The wall freezes the orc.
The wall freezes the orc priest.
The orc priest misses you.
The wall freezes the worm.
Unknown command.
You hit the orc priest but do no damage.
The orc priest is heavily wounded.
The wall freezes the orc.
You kill the orc!
The wall freezes the orc priest but does no damage.
The orc priest invokes the aid of Beogh against you.
Beogh smites you!
* * * LOW HITPOINT WARNING * * *
The wall freezes the worm.
The wall freezes the worm but does no damage.
You hit the orc priest but do no damage.
The orc priest is heavily wounded.
The wall freezes the orc priest.
The orc priest hits you with a +0 club.
* * * LOW HITPOINT WARNING * * *
The wall freezes the worm!
The wall freezes the orc priest.
The orc priest closely misses you.
Unknown command.
You hit the orc priest but do no damage.
The orc priest is almost dead.
The wall freezes the worm!
The wall freezes the orc priest.
The orc priest hits you but does no damage.
Unknown command.
You hit the orc priest but do no damage.
The orc priest is almost dead.
The wall freezes the worm.
The wall freezes the orc priest.
The orc priest invokes the aid of Beogh against you.
Beogh smites you!
You die...

####.##.# .###### #...
...# ......# #.##.##.#
..##.###.##.....
..##.#...#####.#
#........#####.#
###.##.#.........#
##.####†#.##.##.########
.....wo@.^...?..#
##.##w##.####.### # #.#
#.# .)# #.# ..## #.# ...
#.# o... #.# o.... #.#


You could see 2 worms and an orc priest.

Vanquished Creatures
  3 scorpions (D:4)
  An orc priest (D:4)
  2 adders
  An ufetubus (D:3)
  3 dart slugs
  3 worms
  5 orcs (D:4)
  11 ball pythons
  5 endoplasms
  4 giant cockroaches
  5 hobgoblins
  2 quokkas
  5 bats
  3 frilled lizards
  5 kobolds
  6 rats
64 creatures vanquished.

Notes
Turn   | Place    | Note
-------+----------+-------------------------------------------
     0 | D:1      | safid the Merfolk Ice Elementalist began the quest for the
                  | Orb.
     0 | D:1      | Reached XP level 1. HP: 13/13 MP: 3/3
   420 | D:1      | Reached XP level 2. HP: 20/20 MP: 3/5
   538 | D:1      | Reached skill level 1 in Fighting
  1470 | D:2      | Reached XP level 3. HP: 26/26 MP: 3/6
  2058 | D:2      | Reached skill level 5 in Ice Magic
  2174 | D:2      | Learned a level 3 spell: Frozen Ramparts
  2178 | D:2      | Learned a level 3 spell: Ozocubu's Armour
  2278 | D:2      | You fall into a shaft and drop 1 floor!
  2348 | D:3      | Noticed Grinder
  2451 | D:3      | Reached XP level 4. HP: 28/33 MP: 4/8
  3337 | D:4      | Reached XP level 5. HP: 20/39 MP: 3/9
  3824 | D:4      | Reached XP level 6. HP: 40/47 MP: 5/11
  3838 | D:4      | Killed from afar by an orc priest

Illustrated notes

Levels and vault maps discovered:
D:1:      denvon_arrival_waterhouse, layout_loops_cross, minmay_fountain_box
D:2:      layout_basic, hellmonk_ecumenical_altar_inner_sanctum,
          solitary_fountain, hex_intersection
D:3:      layout_basic, uniq_grinder
D:4:      layout_loops_cross, ebering_ghost_disaster_area, minmay_ruined_shrine,
          uniq_eustachio

Skill      XL: |  1  2  3  4  5 |
---------------+----------------+-----
Fighting       | 1 2 3 |  3.7
Ice Magic      | 5 |  5.9
Spellcasting   | 3 |  3.7
Dodging        | |  2.6
Stealth        | |  2.1

Action                   |  1- 3 |  4- 6 || total
-------------------------+-------+-------++-------
Melee: Hand axe          |    25 |    45 ||    70
       Punch             |       |     1 ||     1
 Cast: Freeze            |    65 |    23 ||    88
       Frozen Ramparts   |       |     8 ||     8
       Ozocubu's Armour  |       |     1 ||     1
 Stab: Sleeping          |     2 |     3 ||     5
Armor: Robe              |    17 |    33 ||    50
Dodge: Dodged            |    56 |    60 ||   116
